 Dungeon Crawl Stone Soup version 0.25-a0-860-gf695395b5c (webtiles) character file.

Game seed: 3862178395093086627, levelgen mode: classic

82 Amnesiac the Chiller (level 4, -2/33 HPs)
             Began as a Ghoul Ice Elementalist on Apr 28, 2020.
             Slain by an orc
             ... wielding a +0 club
              (3 damage)
             ... on level 4 of the Dungeon on Apr 29, 2020.
             The game lasted 00:06:28 (1445 turns).

Amnesiac the Chiller (Ghoul Ice Elementalist)       Turns: 1445, Time: 00:06:29

Health: -2/33      AC:  2    Str: 11    XL:     4   Next: 43%
Magic:  1/6        EV: 13    Int: 11    God:
Gold:   78         SH:  0    Dex:  9    Spells: 4/8 levels left

rFire    . . .     SeeInvis .   a - +0 long sword
rCold    + . .     Gourm    .   (no shield)
rNeg     + + +     Faith    .   i - +0 robe
rPois    ∞         Spirit   .   (no helmet)
rElec    .         Reflect  .   (no cloak)
rCorr    .         Harm     .   (no gloves)
MR       .....                  (no boots)
Stlth    ++........             (no amulet)
HPRegen  0.00/turn              g - +1 ring of evasion
MPRegen  0.10/turn              (no ring)

@: rotting, slowed, very slow
A: rotting body, claws 1, carnivore, cold resistance 1, negative energy
resistance 3, inhibited regeneration, torment resistance, unbreathing
a: no special abilities


You were on level 4 of the Dungeon.
You were hungry.

You visited 1 branch of the dungeon, and saw 5 of its levels.

You collected 78 gold pieces.

Inventory:

Hand Weapons
 a - a +0 long sword (weapon)
 p - a +1 dagger of speed
Armour
 i - a +0 robe (worn)
Jewellery
 g - a +1 ring of evasion (left claw)
Wands
 m - a wand of iceblast (10)
Scrolls
 e - 2 scrolls of fear {!r, unknown}
 f - a scroll of remove curse {!r, unknown}
 k - a scroll of enchant weapon {!r, unknown}
 l - a scroll of random uselessness {!r, unknown}
 n - a scroll of fog {!r, unknown}
 o - a scroll of teleportation {!r, unknown}
Potions
 d - a potion of flight {!q, unknown}
 h - a potion of might {!q, unknown}
 j - a potion of heal wounds {!q, unknown}
Comestibles
 b - a chunk of flesh
 c - 6 rations


   Skills:
 - Level 1.7 Dodging
 - Level 2.1 Stealth
 + Level 2.6 Spellcasting
 * Level 5.7 Ice Magic


You had 4 spell levels left.
You knew the following spells:

 Your Spells              Type           Power        Failure   Level  Hunger
a - Freeze                Ice            ##..         2%          1    ##.....
b - Frozen Ramparts       Ice            ##....       8%          3    ####...

Your spell library contained the following spells:

 Spells                   Type           Power        Failure   Level  Hunger
 Ozocubu's Armour         Chrm/Ice       #.......     26%         3    ####...
 Animate Skeleton         Necr           N/A          28%         1    ##.....
 Apportation              Tloc           #.....       28%         1    ##.....
 Corona                   Hex            #......      28%         1    ##.....
 Summon Small Mammal      Summ           #...         28%         1    ##.....
 Hailstorm                Conj/Ice       #.......     63%         4    #####..
 Summon Ice Beast         Ice/Summ       #.......     63%         4    #####..


Dungeon Overview and Level Annotations

Branches:
Dungeon (5/15)
 Temple: D:4-7

Altars:
Zin


Innate Abilities, Weirdness & Mutations

Your body is rotting away.
You thrive on raw meat.
You are immune to poison.
You have sharp fingernails.
You are carnivorous and can eat meat at any time.
Your flesh is cold resistant. (rC+)
You are immune to negative energy. (rN+++)
You do not regenerate when monsters are visible.
You are immune to unholy pain and torment.
You can survive without breathing.


Message History

The frozen ramparts melt away.
The adder skeleton barely misses you.
You slash the adder skeleton!
You destroy the adder skeleton!
An orc comes into view. It is wielding a +0 club.
An orc wizard comes into view. It is wielding a +0 dagger.
The orc wizard shouts!
An orc comes into view. It is wielding a +0 club.
You start resting.
The orc wizard is too close now for your liking.
Casting: Frozen Ramparts (mildly dangerous; 8% risk of failure)
Confirm with . or Enter, or press ? or * to list all spells.
The walls around you are covered in ice.
The wall freezes the orc wizard.
The orc wizard hits you with a +0 dagger.
An orc comes into view. It is wielding a +0 flail.
You barely miss the orc wizard.
The orc wizard is lightly wounded.
The wall freezes the orc wizard.
The orc wizard gestures wildly while chanting.
The orc wizard blinks!
The orc wizard points at you and mumbles some strange words.
You resist with some effort.
The orc shouts!
You hear a shout!
The orc wizard gestures at you while chanting.
You feel yourself slow down.
You hear a shout!
An orc comes into view.
It is wielding a +0 dagger and quivering 4 silver boomerangs.
The frozen ramparts melt away.
The orc throws a silver boomerang.
The silver boomerang barely misses you.
The weapon returns to the orc!
The orc throws a silver boomerang.
The silver boomerang barely misses you.
The weapon returns to the orc!
The orc throws a silver boomerang.
The silver boomerang hits you.
The weapon returns to the orc!
The orc hits you with a +0 flail!
Casting: Frozen Ramparts (mildly dangerous; 8% risk of failure)
Confirm with . or Enter, or press ? or * to list all spells.
The walls around you are covered in ice.
The wall freezes the orc.
The orc barely misses you.
The wall freezes the orc wizard.
The orc wizard mumbles some strange words.
The orc wizard blinks!
The orc throws a silver boomerang.
The silver boomerang hits you.
* * * LOW HITPOINT WARNING * * *
The weapon returns to the orc!
The wall freezes the orc.
You kill the orc!
The wall freezes the orc.
There are monsters nearby!
The wall freezes the orc. x2
You slash the orc!
You kill the orc!
The frozen ramparts melt away.
The orc throws a silver boomerang.
The silver boomerang barely misses you.
The weapon returns to the orc!
The orc throws a silver boomerang.
The silver boomerang hits you.
* * * LOW HITPOINT WARNING * * *
x2 The weapon returns to the orc!
The orc wizard gestures at you while chanting.
The magic dart hits you.
* * * LOW HITPOINT WARNING * * *
There is a stone staircase leading down here.
The orc closely misses you.
The orc throws a silver boomerang.
The silver boomerang hits you.
* * * LOW HITPOINT WARNING * * *
x2 The weapon returns to the orc!
The orc hits you with a +0 club.
You die...

...# ... . .##.##.#
....<.. # #...###########
#. ###....o.......
#.##....o......###
#.......##........
#####..@###)o......
#......o..)........
#....###.##........ #....#
#.#.########
#.####....###.#... .#
#..............#.###.#
#..###.....#.#.....#.#####
#.......#....o.......
#.....#.###.#.......#


You could see an orc wizard and 2 orcs.

Vanquished Creatures
  4 adders
  An adder skeleton (D:4)
  2 worms
  A dart slug (D:1)
  2 leopard geckos (D:1)
  5 orcs
  2 bats
  A giant cockroach (D:3)
  2 goblins
  2 hobgoblins
  2 jackals
  2 ball pythons
  2 frilled lizards (D:3)
  3 kobolds
  2 rats
33 creatures vanquished.

Notes
Turn   | Place    | Note
-------+----------+-------------------------------------------
     0 | D:1      | Amnesiac the Ghoul Ice Elementalist began the quest for the
                  | Orb.
     0 | D:1      | Reached XP level 1. HP: 14/14 MP: 2/2
   168 | D:1      | Reached XP level 2. HP: 8/20 MP: 0/4
   374 | D:1      | Reached skill level 5 in Ice Magic
   381 | D:1      | Reached XP level 3. HP: 6/26 MP: 0/5
   440 | D:1      | Learned a level 3 spell: Frozen Ramparts
   996 | D:3      | Reached XP level 4. HP: 14/33 MP: 0/6
  1080 | D:2      | Found a glowing silver altar of Zin.
  1358 | D:5      | Entered Level 5 of the Dungeon
  1445 | D:4      | HP: 1/33 [orc/silver boomerang (2)]
  1445 | D:4      | Slain by an orc

Levels and vault maps discovered:
D:1:      wander_arrival_estate, layout_loops_ring
D:2:      layout_basic, nicolae_overflow_hidden_temple
D:3:      layout_loops_cross, first_ration
D:4:      minmay_general_purpose_star, layout_basic, minmay_temple_entry_trees
D:5:      layout_gridville, cheibrodos_gnoll_hut, uniq_sigmund

Skill      XL: |  1  2 |
---------------+-------+-----
Spellcasting   | 2 |  2.6
Ice Magic      | 5 |  5.7
Dodging        | |  1.7
Stealth        | |  2.1

Action                   |  1- 3 |  4- 6 || total
-------------------------+-------+-------++-------
Melee: Unarmed           |    41 |       ||    41
       Long sword        |     2 |     8 ||    10
 Cast: Freeze            |    27 |     5 ||    32
       Frozen Ramparts   |     5 |     6 ||    11
 Stab: Sleeping          |     1 |       ||     1
  Eat: Chunk             |     2 |     1 ||     3
Armor: Robe              |    10 |     4 ||    14
Dodge: Dodged            |    37 |    17 ||    54
       Rpst.: Long sword |     1 |     2 ||     3

Table legend:
 A = Non-vault XP
 B = Vault XP
 C = Vault XP percentage of total XP
 D = Non-vault monster count
 E = Vault monster count
 F = Vault count percentage of total count
                 A         B        C        D         E       F
            +---------+---------+-------+---------+---------+-------
      Total |     118 |       0 |   0.0 |      33 |       0 |   0.0
            +---------+---------+-------+---------+---------+-------
        D:1 |      34 |       0 |   0.0 |      10 |       0 |   0.0
        D:2 |      25 |       0 |   0.0 |       7 |       0 |   0.0
        D:3 |      47 |       0 |   0.0 |      12 |       0 |   0.0
        D:4 |      11 |       0 |   0.0 |       3 |       0 |   0.0
        D:5 |       1 |       0 |   0.0 |       1 |       0 |   0.0
            +---------+---------+-------+---------+---------+-------
